 Dungeon Crawl Stone Soup version 0.18-a0-1799-g6250cb2 (webtiles) character file.

4108 Kilingo the Skirmisher (level 10, -13/84 HPs)
             Began as a Minotaur Berserker on Apr 22, 2016.
             Was an Elder of Trog.
             Mangled by a hill giant
             ... wielding a +0 giant spiked club
              (18 damage)
             ... on level 9 of the Dungeon on Apr 24, 2016.
             The game lasted 01:54:01 (9205 turns).

Kilingo the Skirmisher (Minotaur Berserker)         Turns: 9205, Time: 01:54:02

Health: -13/84     AC: 15    Str: 27    XL:     10   Next: 6%
Magic:  13/13      EV: 12    Int:  4    God:    Trog [****..]
Gold:   343        SH: 11    Dex: 13    Spells: 0 memorised, 9 levels left

rFire  . . .     SeeInvis .     a - +2 flail (protect)
rCold  . . .     Gourm    +     y - +0 ring mail
rNeg   . . .     Faith    .     L - +0 shield
rPois  .         Spirit   .     (helmet restricted)
rElec  .         Dismiss  .     (no cloak)
rCorr  +         Reflect  .     I - +0 pair of gloves
SustAt .         Harm     .     (no boots)
MR     .....                    h - amulet of the gourmand
Stlth  +.........               J - ring of resist corrosion
                                d - +3 ring of protection

@: mighty, exhausted, manticore barbs, slowed, very slow, not resistant to
hostile enchantments, very unstealthy
A: retaliatory headbutt, horns 2
a: Berserk, Trog's Hand, Brothers in Arms, Burn Spellbooks, Renounce Religion


You were on level 9 of the Dungeon.
You worshipped Trog.
Trog was greatly pleased with you.
You were very full.

You visited 1 branch of the dungeon, and saw 9 of its levels.

You collected 668 gold pieces.
You spent 325 gold pieces at shops.

Inventory:

Hand Weapons
 a - a +2 flail of protection (weapon)
 b - a +0 blowgun
 v - a +0 hunting sling
Missiles
 e - 214 stones (quivered)
 k - 54 poisoned needles
 F - 71 sling bullets
Armour
 y - a +0 ring mail (worn)
 I - a +0 pair of gloves (worn)
 L - a +0 shield (worn)
Jewellery
 d - a +3 ring of protection (left hand)
 h - an amulet of the gourmand (around neck)
 J - a ring of resist corrosion (right hand)
 K - an uncursed ring of protection from magic
Wands
 x - a wand of iceblast (7/15)
 H - a wand of acid (2/15)
Scrolls
 f - 2 scrolls of enchant weapon
 n - 4 scrolls of teleportation
 o - a scroll of blinking {unknown}
 r - a scroll of immolation {unknown}
 s - a scroll of recharging {unknown}
 z - 2 scrolls of remove curse
 M - a scroll of enchant armour {unknown}
 O - a scroll of fear
 P - a scroll of fog {unknown}
 Q - a scroll of amnesia {unknown}
Potions
 g - a potion of mutation {unknown}
 j - 2 potions of lignification
 l - a potion of haste {unknown}
 m - 2 potions of heal wounds
 t - 2 potions of flight {unknown}
 w - 2 potions of ambrosia {unknown}
 B - 2 potions of agility
 C - 3 potions of might
 D - a potion of invisibility {unknown}
 E - 2 potions of brilliance {unknown}
 G - 2 potions of magic {unknown}
 R - a potion of cure mutation {unknown}
Comestibles
 c - 8 bread rations
 i - 10 slices of pizza
 p - 4 meat rations
 u - 2 beef jerkies
 N - 2 chunks of flesh


   Skills:
 + Level 6.5 Fighting
 - Level 6.3 Maces & Flails
 - Level 2.0(4.6) Slings
 - Level 6.0(6.2) Throwing
 - Level 6.2 Armour
 - Level 6.2 Dodging
 - Level 6.2 Shields
 + Level 6.3 Evocations


You had 9 spell levels left.
You didn't know any spells.

Dungeon Overview and Level Annotations

Branches:
Dungeon (9/15)             Temple (0/1) D:7
   Lair: D:8-11         Orc: D:9-12

Altars:
Cheibriados
Dithmenos
Elyvilon
Fedhas
Kikubaaqudgha
Nemelex Xobeh
Okawaru
Pakellas
Qazlal
Ru
Xom
Yredelemnul
Zin
The Shining One

Shops:
D:4 *   D:7 }


Innate Abilities, Weirdness & Mutations

You reflexively headbutt those who attack you in melee.
You have a pair of horns on your head.


Message History

Trog accepts your kill.
A centaur comes into view. It is wielding a quarterstaff.
The barbed spikes dig painfully into your body as you move.
You are no longer berserk.
Trog's vigour flows through your veins.
You are exhausted.
You feel yourself slow down.
Things that are here:
a mace; a scroll labeled YTUIDO PAUD; an orc corpse The barbed spikes dig painfully into your body as you move.
* * * LOW HITPOINT WARNING * * *
Drink which item? (? for menu, Esc to quit)
You feel very mighty all of a sudden. You block the hill giant's attack.
You barely miss the hill giant. You headbutt the hill giant!!
The hill giant is heavily wounded.
The hill giant hits you with a giant spiked club!!
* * * LOW HITPOINT WARNING * * *
The hill giant hits you with a giant spiked club!!
You die...

#.....###
#.....#.
#...... #.....#
###...y.#
.#....#O##
..... #c#
......#C#######
.......@.......
...####.#######
#.# #.# #.. .#.
. . . .#


You could see a hill giant, an ogre, a centaur and a killer bee.

Vanquished Creatures
  The ghost of dobroeutro the Shield-Bearer, a novice GrFi of Okawaru (D:5)
  A yak (D:9)
  A human (D:8)
  2 hungry ghosts (D:8)
  An orc warrior (D:8)
  2 wasps (D:8)
  An ogre (D:6)
  A sky beast (D:9)
  2 phantoms (D:7)
  2 centaurs
  4 giant frogs (D:6)
  A water moccasin zombie (D:7)
  2 scorpions
  7 killer bees
  3 vampire bats (D:6)
  5 howler monkeys
  11 crimson imps
  A giant frog zombie (D:5)
  A jelly (D:8)
  4 orc priests
  2 centaur skeletons
  5 hounds
  A gnoll shaman (D:7)
  3 iguanas
  3 worker ants
  A hound zombie (D:6)
  A hound skeleton (D:7)
  A worker ant zombie (D:5)
  A howler monkey zombie (D:6)
  10 gnolls
  A howler monkey skeleton (D:8)
  16 adders
  2 shadow imps
  2 white imps (D:8)
  An ooze (D:3)
  An adder skeleton (D:2)
  2 adder zombies (D:2)
  3 worms
  3 dart slugs
  2 giant geckos
  19 orcs
  2 bat skeletons (D:6)
  2 bat zombies (D:6)
  6 giant cockroaches
  9 goblins
  7 hobgoblins
  14 jackals
  2 ball pythons
  A ball python skeleton (D:2)
  6 bats
  A giant cockroach zombie (D:5)
  7 giant newts
  5 kobolds
  A quokka zombie (D:7)
  6 rats
202 creatures vanquished.

Notes
Turn   | Place    | Note
--------------------------------------------------------------
     0 | D:1      | Kilingo the Minotaur Berserker began the quest for the Orb.
     0 | D:1      | Reached XP level 1. HP: 19/19 MP: 0/0
   333 | D:1      | Reached XP level 2. HP: 24/26 MP: 1/1
   948 | D:2      | Reached XP level 3. HP: 31/31 MP: 2/2
  1111 | D:1      | Reached skill level 1 in Slings
  1156 | D:2      | Reached ** piety under Trog
  1352 | D:2      | Reached XP level 4. HP: 39/39 MP: 3/3
  1459 | D:2      | Reached skill level 1 in Throwing
  1844 | D:3      | Found a glowing golden altar of the Shining One.
  1995 | D:3      | Upgraded the game from 0.18-a0-1797-gc18daef to 0.18-a0-1799-g6250cb2
  2277 | D:3      | Found a glowing silver altar of Zin.
  2284 | D:3      | Found a white marble altar of Elyvilon.
  2522 | D:3      | Reached XP level 5. HP: 46/46 MP: 4/4
  2891 | D:3      | Reached *** piety under Trog
  2924 | D:4      | Reached skill level 1 in Evocations
  3189 | D:4      | Found an iron altar of Okawaru.
  3324 | D:4      | Received a gift from Trog
  3489 | D:4      | Reached XP level 6. HP: 47/52 MP: 7/7
  3771 | D:4      | Found Wurhunn's General Store.
  3957 | D:4      | Found a snail-covered altar of Cheibriados.
  4188 | D:5      | Entered Level 5 of the Dungeon
  4193 | D:5      | Noticed dobroeutro's ghost (novice GrFi)
  4721 | D:5      | Killed dobroeutro's ghost
  4721 | D:5      | Reached skill level 5 in Throwing
  4721 | D:5      | Reached XP level 7. HP: 58/58 MP: 8/8
  5564 | D:6      | Reached XP level 8. HP: 66/66 MP: 10/10
  5618 | D:6      | Reached skill level 1 in Shields
  5758 | D:6      | Found a shimmering altar of Xom.
  5768 | D:6      | Found a sacrificial altar of Ru.
  5770 | D:6      | Found a shadowy altar of Dithmenos.
  6162 | D:6      | Found an ancient bone altar of Kikubaaqudgha.
  6310 | D:6      | Found a sparkling altar of Nemelex Xobeh.
  6568 | D:7      | Reached skill level 5 in Shields
  6759 | D:7      | Reached skill level 5 in Fighting
  6759 | D:7      | Reached skill level 5 in Armour
  6760 | D:7      | Found a stormy altar of Qazlal.
  6766 | D:7      | Found a blossoming altar of Fedhas.
  6829 | D:7      | Reached skill level 5 in Maces & Flails
  6957 | D:7      | Found an oddly glowing altar of Pakellas.
  6957 | D:7      | Found Pakellas's Prime Provisions.
  7052 | D:7      | Reached skill level 5 in Dodging
  7124 | D:7      | Reached skill level 5 in Evocations
  7133 | D:7      | Reached XP level 9. HP: 74/74 MP: 11/11
  7441 | D:4      | Bought an uncursed ring of protection from magic for 325 gold pieces
  7533 | D:7      | Found a staircase to the Ecumenical Temple.
  8071 | D:8      | Found a basalt altar of Yredelemnul.
  8791 | D:8      | Reached **** piety under Trog
  9011 | D:9      | Noticed a purple ugly thing
  9103 | D:9      | Reached XP level 10. HP: 81/83 MP: 13/13
  9115 | D:9      | Noticed a manticore
  9192 | D:9      | Noticed a hill giant
  9205 | D:9      | Mangled by a hill giant

Vault maps used:
D:1:      minmay_arrival_semitransparent
D:2:      serial_undead, serial_undead_a, serial_undead_a, serial_undead_f,
          serial_undead_a, minmay_crystal_water
D:3:      wad_lake_hut, good_gods_mini_temple, first_bread
D:4:      nicolae_overflow_hidden_temple, kennysheep_slug_shrine, serial_shops,
          shop
D:5:      nrook_pool_corridor, grunt_ministairs_14
D:6:      kennysheep_vampire_church, minitemple, hangedman_decor_lopped,
          minivault_25, nemelex_lonely_heart_becter
D:7:      grunt_temple_overflow_forces_of_nature, minmay_temple_entry_trees,
          johnstein_pakellas_shop
D:8:      nicolae_overflow_crystal_walls, grunt_pizzeria, minmay_nine_imps
D:9:      hangedman_cross_stitches, orc_david_3, hangedman_decor_diamond_cutter

Skill      XL: |  1  2  3  4  5  6  7  8  9 |
---------------+----------------------------+-----
Armour         | 3 4 5 6 |  6.2
Dodging        | 3 4 5 6 |  6.2
Slings         | 1 2 |  2.0
Throwing       | 1 5 6 |  6.0
Maces & Flails | 4 5 6 |  6.3
Evocations     | 2 3 4 5 6 |  6.3
Fighting       | 4 5 6 |  6.5
Shields        | 5 6 |  6.2

Action                   |  1- 3 |  4- 6 |  7- 9 | 10-12 || total
-------------------------+-------+-------+-------+-------++-------
Melee: Mace              |    73 |   142 |    85 |       ||   300
       Headbutt          |    10 |    24 |    61 |     7 ||   102
       Flail             |       |       |   215 |    20 ||   235
 Fire: Hunting sling     |     2 |       |     7 |       ||     9
       Blowgun           |       |       |     6 |     6 ||    12
Throw: Stone             |     3 |    11 |    11 |       ||    25
       Javelin           |       |     7 |    42 |     4 ||    53
       Throwing net      |       |       |     8 |       ||     8
       Tomahawk          |       |       |    18 |     5 ||    23
Invok: Berserk           |       |     4 |     3 |     2 ||     9
       Trog's Hand       |       |     1 |     5 |       ||     6
       Burn Spellbooks   |       |       |     1 |       ||     1
Evoke: Wand              |       |     4 |     4 |     1 ||     9
  Use: Scroll            |     2 |     4 |     7 |     2 ||    15
       Potion            |       |       |     3 |     1 ||     4
  Eat: Chunk             |     1 |    23 |    27 |     1 ||    52
       Bread ration      |       |     1 |       |       ||     1
Armor: Leather armour    |    12 |    17 |       |       ||    29
       Ring mail         |       |    20 |   103 |     6 ||   129
Dodge: Dodged            |    43 |    90 |   138 |    13 ||   284
Block: Shield            |       |       |   144 |    20 ||   164
